 Dungeon Crawl Stone Soup version 0.21-a0-401-g0b6bec4 (webtiles) character file.

741 machosam the Chopper (level 7, -14/62 HPs)
             Began as a Minotaur Fighter on Oct 22, 2017.
             Demolished by an orc warrior
             ... wielding a +0 glaive
              (24 damage)
             ... on level 6 of the Dungeon.
             The game lasted 00:03:47 (4304 turns).

machosam the Chopper (Minotaur Fighter)             Turns: 4304, Time: 00:03:48

Health: -14/62     AC: 10    Str: 23    XL:     7   Next: 47%
Magic:  6/6        EV:  7    Int:  5    God:
Gold:   232        SH: 10    Dex:  9    Spells: 6/6 levels left

rFire    + . .     SeeInvis .   a - +0 war axe
rCold    . . .     Gourm    .   c - +0 shield
rNeg     . . .     Faith    .   w - +2 scale mail {rF+}
rPois    .         Spirit   .   (helmet restricted)
rElec    .         Reflect  .   (no cloak)
rCorr    .         Harm     .   j - +0 pair of gloves
MR       .....                  (no boots)
Stlth    ..........             (no amulet)
HPRegen  0.20/turn              (no ring)
MPRegen  0.10/turn              (no ring)

@: invisible
A: retaliatory headbutt, horns 2
a: no special abilities


You were on level 6 of the Dungeon.
You were not hungry.

You visited 1 branch of the dungeon, and saw 6 of its levels.

You collected 232 gold pieces.

Inventory:

Hand Weapons
 a - a +0 war axe (weapon)
 o - a +0 battleaxe
Armour
 b - a +0 scale mail
 c - a +0 shield (worn)
 j - a +0 pair of gloves (worn)
 w - a +2 scale mail of fire resistance (worn)
Jewellery
 g - a cursed amulet of inaccuracy {unknown}
 q - an uncursed amulet of magic regeneration {unknown}
 t - a +1 ring of slaying {unknown}
Wands
 l - a wand of iceblast (11/15)
Scrolls
 e - 2 scrolls of fog {unknown}
 h - a scroll of immolation {unknown}
 i - 4 scrolls of recharging {unknown}
 k - 2 scrolls of teleportation {unknown}
 m - 3 scrolls of identify {unknown}
 n - 2 scrolls of remove curse {unknown}
 r - 2 scrolls of enchant armour {unknown}
 u - a scroll of enchant weapon {unknown}
 v - a scroll of random uselessness {unknown}
 D - a scroll of magic mapping {unknown}
Potions
 p - 2 potions of invisibility
 s - 2 potions of curing {unknown}
 x - 2 potions of heal wounds {unknown}
 z - 2 potions of brilliance {unknown}
 A - a potion of mutation {unknown}
Books
 y - a book of Minor Magic

   Spells                             Type                      Level
   a - Magic Dart                     Conjuration                  1
   b - Blink                          Translocation                2
   c - Call Imp                       Summoning                    2
   d - Slow                           Hexes                        2
   e - Conjure Flame                  Conjuration/Fire             3
   f - Mephitic Cloud                 Conjuration/Poison/Air       3
Comestibles
 f - 3 bread rations
 C - 3 fruits


   Skills:
 + Level 5.9 Fighting
 * Level 7.0 Axes
 + Level 5.9 Armour
 - Level 5.0 Shields


You had 6 spell levels left.
You didn't know any spells.

Dungeon Overview and Level Annotations

Branches:
Dungeon (6/15)
 Temple: D:4-7

Altars:
Cheibriados
Fedhas
Hepliaklqana
Sif Muna
Xom
Yredelemnul


Innate Abilities, Weirdness & Mutations

You reflexively headbutt those who attack you in melee.
You have a pair of horns on your head.


Message History

You are too injured to fight recklessly!
You are too injured to fight recklessly!
The gnoll closely misses you.
The orc warrior hits you from afar with a glaive!
Items here: )) [ † a whip; a leather armour; a spear; a gnoll corpse The gnoll hits you but does no damage.
You see here 19 stones.
Unknown command.
You slash the gnoll!
You kill the gnoll!
The orc warrior hits you from afar with a glaive!!
* * * LOW HITPOINT WARNING * * *
An orc comes into view. It is wielding a dagger.
Items here: ))) [ † a whip x2; a leather armour; a spear; a gnoll corpse Unknown command.
You fade into invisibility!
The orc warrior hits you with a glaive!!
You die...

##### #....
#...# # #
#.$.###. .#
#..!... ..
#....##.#.#
#..))÷....#
#.(@<...#
####o####
#o#


.oo .... ...##o .%.. .. #..## .. You could see an orc warrior and 4 orcs.

Vanquished Creatures
  2 orc warriors (D:5)
  An ice beast (D:5)
  A scorpion (D:4)
  A howler monkey (D:4)
  2 orc wizards (D:4)
  2 orc priests
  A gnoll shaman (D:6)
  Terence (D:3)
  A worker ant (D:5)
  A hound skeleton (D:4)
  4 adders
  3 gnolls (D:6)
  2 oozes (D:3)
  2 worms
  2 dart slugs
  4 leopard geckos
  12 orcs
  5 bats
  5 giant cockroaches
  6 goblins
  3 hobgoblins
  6 jackals
  8 kobolds
  A quokka (D:5)
  A ball python (D:1)
  7 frilled lizards
  A quokka skeleton (D:4)
  6 rats
91 creatures vanquished.

Notes
Turn   | Place    | Note
-------+----------+-------------------------------------------
     0 | D:1      | machosam the Minotaur Fighter began the quest for the Orb.
     0 | D:1      | Reached XP level 1. HP: 19/19 MP: 0/0
    38 | D:1      | Reached XP level 2. HP: 27/27 MP: 1/1
    46 | D:1      | Reached skill level 3 in Axes
   459 | D:1      | Reached XP level 3. HP: 32/33 MP: 2/2
  1050 | D:3      | Noticed Terence
  1238 | D:3      | Reached XP level 4. HP: 40/40 MP: 3/3
  1507 | D:3      | Reached skill level 4 in Axes
  1529 | D:3      | Found a blossoming altar of Fedhas.
  1529 | D:3      | Found a snail-covered altar of Cheibriados.
  1604 | D:3      | Killed Terence
  2024 | D:4      | Reached XP level 5. HP: 47/47 MP: 4/4
  2283 | D:4      | Reached skill level 5 in Axes
  2572 | D:4      | Reached XP level 6. HP: 36/55 MP: 5/5
  2846 | D:4      | Found a shimmering altar of Xom.
  2846 | D:4      | Found a hazy altar of Hepliaklqana.
  2847 | D:4      | Found a basalt altar of Yredelemnul.
  2969 | D:4      | Reached skill level 5 in Fighting
  2969 | D:4      | Reached skill level 5 in Armour
  2969 | D:4      | Reached skill level 5 in Shields
  3135 | D:5      | Entered Level 5 of the Dungeon
  3221 | D:5      | Found a deep blue altar of Sif Muna.
  3468 | D:5      | Noticed an ice beast
  3473 | D:5      | Killed an ice beast
  3484 | D:5      | Reached skill level 6 in Axes
  3804 | D:6      | Noticed an orc warrior
  3816 | D:5      | Killed an orc warrior
  3816 | D:5      | Reached XP level 7. HP: 28/61 MP: 6/6
  4298 | D:6      | Reached skill level 7 in Axes
  4304 | D:6      | Demolished by an orc warrior

Vault maps used:
D:1:      dpeg_arrival_short_road
D:3:      cheibrodos_old_hovel, gammafunk_temple_overflow_wave, serial_glass,
          glass_columns_c, glass_columns_b, glass_columns_a, glass_columns_a,
          uniq_terence
D:4:      gammafunk_temple_overflow_forgotten, first_bread
D:5:      overflow_temple_1_default
D:6:      minmay_temple_entry_butterflies, kennysheep_diamond

Skill      XL: |  1  2  3  4  5  6  7 |
---------------+----------------------+-----
Axes           | 3 4 5 6 7 |  7.0
Fighting       | 4 5 |  5.9
Shields        | 4 5 |  5.0
Armour         | 4 5 |  5.9

Action                   |  1- 3 |  4- 6 |  7- 9 || total
-------------------------+-------+-------+-------++-------
Melee: War axe           |    99 |   123 |    28 ||   250
       Headbutt          |    16 |    20 |     6 ||    42
  Use: Potion            |       |     3 |     1 ||     4
  Eat: Chunk             |     1 |     8 |       ||     9
       Bread ration      |       |       |     1 ||     1
Armor: Scale mail        |    49 |    61 |     9 ||   119
Dodge: Dodged            |    42 |    33 |     8 ||    83
Block: Shield            |    54 |    59 |    14 ||   127

Table legend:
 A = Spawn XP
 B = Non-spawn XP
 C = Spawn XP percentage of total XP
 D = Spawn monster count
 E = Non-spawn monster count
 F = Spawn count percentage of total count
 G = Total turns spent on level
                    A         B        C        D         E        F      G
               +---------+---------+-------+---------+---------+-------+---------
         Total |       0 |    1059 |   0.0 |       0 |      91 |   0.0 |  4304
               +---------+---------+-------+---------+---------+-------+---------
           D:1 |       0 |      47 |   0.0 |       0 |      26 |   0.0 |   520
           D:2 |       0 |      36 |   0.0 |       0 |       5 |   0.0 |   602
           D:3 |       0 |      91 |   0.0 |       0 |      23 |   0.0 |   879
           D:4 |       0 |     295 |   0.0 |       0 |      16 |   0.0 |  1134
           D:5 |       0 |     502 |   0.0 |       0 |      15 |   0.0 |  1145
           D:6 |       0 |      88 |   0.0 |       0 |       6 |   0.0 |    24
               +---------+---------+-------+---------+---------+-------+---------
